 Dungeon Crawl Stone Soup version 0.31-a0-740-g87205ac768 (webtiles) character file.

Game seed: 16914813539309419286

112 ytrimaz the Trooper (level 4, -3/37 HPs)
             Began as a Demonspawn Fighter on Sept 12, 2023.
             Slain by a gnoll
             ... wielding a +0 halberd
              (8 damage)
             ... on level 2 of the Dungeon.
             The game lasted 00:01:07 (1002 turns).

ytrimaz the Trooper (Demonspawn Fighter)            Turns: 1002, Time: 00:01:08

Health: -3/37      AC:  6    Str: 18    XL:     4   Next: 64%
Magic:  4/4        EV: 16    Int:  9    God:
Gold:   92         SH:  5    Dex: 13    Spells: 3/3 levels left

rFire   . . .        a - +0 war axe
rCold   . . .        c - +0 buckler
rNeg    . . .        b - +0 scale mail
rPois   .            (no helmet)
rElec   .            (no cloak)
rCorr   .            (no gloves)
SInv    .            (no boots)
Will    .....        (no amulet) Stlth
                     l - +5 ring of evasion
HPRegen 0.26/turn    (no ring)
MPRegen 0.09/turn

%: no passive effects
@: no status effects
A: repulsion field 1, powered by death 1, demonic touch 1
a: no special abilities


You were on level 2 of the Dungeon.
You visited 1 branch of the dungeon, and saw 4 of its levels.

You collected 92 gold pieces.


Innate Abilities, Weirdness & Mutations

You are surrounded by a mild repulsion field. (EV +2)
You regenerate a little health from kills.
Your touch may inflict minor irresistible damage on your foes.


   Skills:
 + Level 4.0 Fighting
 + Level 2.9 Axes
 - Level 2.6 Armour
 + Level 3.5 Shields


You had 3 spell levels left.
You didn't know any spells.
Your spell library contained the following spells:

 Spells                   Type           Power      Damage    Failure   Level
 Tukima's Dance           Hex            0%         N/A       99%         3
 Passage of Golubria      Tloc           0%         N/A       100%        4
 Yara's Violent Unravell  Hex/Tmut       0%         3d3       100%        5

Inventory:

Hand Weapons
 a - a +0 war axe (weapon)
Armour
 b - a +0 scale mail (worn)
 c - a +0 buckler (worn)
Jewellery
 l - a +5 ring of evasion (left hand)
   (You found it on level 2 of the Dungeon)
Scrolls
 e - a scroll of revelation {unknown}
 f - 2 scrolls of identify {unknown}
 g - a scroll of enchant weapon {unknown}
 h - a scroll of immolation {unknown}
 j - a scroll of teleportation {unknown}
Potions
 d - 3 potions of might
 i - 4 potions of haste {unknown}
 k - 2 potions of enlightenment {unknown}

Dungeon Overview and Level Annotations

Branches:
Dungeon (4/15) Zot: 22960
 Temple: D:4-7

Altars:

###.##
#......###.##... #†#
#............... #.#
#.......####...< #.#
#.......# ###.. #.###
#.[.....# ##.
#...#########.#######.
#.....................
#.###.############....
#.# #@# ###># #.# #g#
#.# #.# #.# #)# #.#
#.. #.# #.# ### ..#
.##


You could see a gnoll.


Message History

You kill the dart slug!
You hit Jessica.
You kill Jessica!
You have reached level 4!
You feel agile.
Your demonic ancestry asserts itself...
Your hands begin to faintly glow with unholy energy. 😕 HP[+10] MP[+1]
You now have 37 max hp (+7).
You regained 10 hp, and now have 29/37 hp.
Your mp is fully restored (4).
Things that are here:
a +0 dagger; a +0 robe; 😕 HP[+3]
You regained 3 hp, and now have 32/37 hp.
No target in view! 😕 HP[+4]
You regained 4 hp, and now have 36/37 hp.
Unknown command.
f - 2 scrolls labelled VAULIMN MULU (gained 1) Key pressed, stopping explore.
Things that are here:
a +0 dagger; a +0 dagger; a +0 robe
Found an escape hatch in the ceiling. 😎 HP[+1]
Your hp is fully restored (37).
Found an escape hatch in the floor.
Key pressed, stopping explore.
No target in view!
Key pressed, stopping explore.
No target in view!
l - a +5 ring of evasion No target in view!
A gnoll comes into view. It is wielding a +0 club.
The gnoll shouts!
You hear a shout! x2
l - a +5 ring of evasion (left hand)
A gnoll comes into view. It is wielding a +0 whip of venom.
The gnoll hits you but does no damage.
You barely miss the gnoll.
The gnoll hits you with a +0 club! 😕 HP[-7]
You take 7 damage, and now have 30/37 hp.
You slash the gnoll! The gnoll closely misses you.
The gnoll hits you but does no damage.
You barely miss the gnoll. You block the gnoll's attack.
A gnoll comes into view. It is wielding a +0 halberd. 😕 HP[+1]
You hit the gnoll.
You kill the gnoll!
The gnoll hits you with a +0 whip of venom.
You are poisoned.
Your Fighting skill increases to level 4!
You hit the gnoll but do no damage.
You feel very sick. The gnoll completely misses you.
You block the gnoll's attack. 😮 HP[-5]
You take 5 damage, and now have 26/37 hp.
You are too injured to fight recklessly!
You barely miss the gnoll.
You feel sick. You block the gnoll's attack.
The gnoll hits you with a +0 whip of venom.
You are more poisoned.
The gnoll misses you.
The gnoll completely misses you. 😮 HP[-3]
You take 3 damage, and now have 23/37 hp.
You slash the gnoll!
You feel very sick.
The gnoll hits you from afar with a +0 halberd.
The gnoll closely misses you. 😮 HP[-4]
You take 4 damage, and now have 19/37 hp.
You are too injured to fight recklessly!
You slash the gnoll!
You kill the gnoll!
You feel very sick.
The gnoll hits you from afar with a +0 halberd.
* * * LOW HITPOINT WARNING * * *
The gnoll closely misses you. 😨 HP[-7]
You take 7 damage, and now have 12/37 hp.
Unknown command.
You feel sick. The gnoll barely misses you.
Things that are here:
a +0 whip of venom; a +0 club You are too injured to fight recklessly!
You slash the gnoll!
You feel sick. The gnoll barely misses you. 😨 HP[-1]
You take 1 damage, and now have 11/37 hp.
Unknown command.
You hit the gnoll.
You feel sick. The gnoll hits you with a +0 halberd.
* * * LOW HITPOINT WARNING * * *
😱 HP[-6]
You take 6 damage, and now have 5/37 hp.
You barely miss the gnoll.
You feel sick.
You are no longer poisoned.
You block the gnoll's attack. The gnoll closely misses you. 😱 HP[-1]
You take 1 damage, and now have 4/37 hp.
You are too injured to fight recklessly!
Unknown command.
You completely miss the gnoll.
The gnoll hits you but does no damage. 😱 HP[+1]
You completely miss the gnoll. The gnoll hits you with a +0 halberd!
You die...

Skill      XL: |  1  2  3  4 |
---------------+-------------+-----
Axes           | 2 |  2.9
Shields        | 3 |  3.5
Fighting       | 4 |  4.0
Armour         | |  2.6

Action                     |  1- 3 |  4- 6 || total
---------------------------+-------+-------++-------
  Melee: War axe           |    74 |    13 ||    87
    Use: Potion            |     2 |       ||     2
 Armour: Scale mail        |    65 |    10 ||    75
         Skin              |    12 |       ||    12
  Dodge: Dodged            |    46 |     9 ||    55
  Block: Buckler           |    19 |     4 ||    23

Levels and vault maps discovered:
D:1:      dpeg_arrival_round_a, layout_loops_ring
D:2:      layout_rooms, uniq_sigmund, uniq_jessica
D:3:      layout_basic, grunt_decor_junction, minmay_misc_feat_encased
D:4:      layout_rooms, jmf_multi_god_temple

Notes
Turn   | Place    | Note
-------+----------+-------------------------------------------
     0 | D:1      | ytrimaz the Demonspawn Fighter began the quest for the Orb.
     0 | D:1      | Reached XP level 1. HP: 18/18 MP: 1/1
     0 | D:1      | magus.rc [v1.9.6]
   109 | D:1      | Reached skill level 2 in Axes
   146 | D:1      | HP: 4/18 [constriction (1)]
   152 | D:1      | Gained mutation: You regenerate a little health from kills.
                  | [demonic ancestry]
   152 | D:1      | Reached XP level 2. HP: 19/24 MP: 2/2
   156 | D:1      | Reached skill level 3 in Shields
   774 | D:2      | You fall into a shaft and drop 2 floors!
   813 | D:2      | Gained mutation: You are surrounded by a mild repulsion
                  | field. (EV +2) [demonic ancestry]
   813 | D:2      | Reached XP level 3. HP: 29/29 MP: 3/3
   900 | D:2      | You add the spells Tukima's Dance, Passage of Golubria and
                  | Yara's Violent Unravelling to your library.
   905 | D:2      | Noticed Jessica
   913 | D:2      | Killed Jessica
   914 | D:2      | Gained mutation: Your touch may inflict minor irresistible
                  | damage on your foes. [demonic ancestry]
   914 | D:2      | Reached XP level 4. HP: 29/37 MP: 4/4
   993 | D:2      | Reached skill level 4 in Fighting
   999 | D:2      | HP: 5/37 [gnoll/+0 halberd (5)]
  1002 | D:2      | Slain by a gnoll

Vanquished Creatures
  Jessica (D:2)
  An orc wizard (D:2)
  3 gnolls
  2 dart slugs (D:2)
  3 orcs (D:2)
  2 ball pythons
  2 endoplasms (D:2)
  A giant cockroach (D:1)
  2 goblins (D:1)
  3 hobgoblins
  2 jackals (D:1)
  A quokka (D:1)
  A bat (D:1)
  2 frilled lizards (D:2)
  A kobold (D:1)
27 creatures vanquished.

Table legend:
 A = Non-vault XP
 B = Vault XP
 C = Vault XP percentage of total XP
 D = Non-vault monster count
 E = Vault monster count
 F = Vault count percentage of total count
                 A         B        C        D         E       F
            +---------+---------+-------+---------+---------+-------
      Total |     124 |      37 |  23.0 |      26 |       1 |   3.7
            +---------+---------+-------+---------+---------+-------
        D:1 |      34 |       0 |   0.0 |      12 |       0 |   0.0
        D:2 |      88 |      37 |  29.6 |      13 |       1 |   7.1
        D:3 |       2 |       0 |   0.0 |       1 |       0 |   0.0
            +---------+---------+-------+---------+---------+-------

Skill      XL: |  1  2  3  4 |
---------------+-------------+-----
Axes           | 2 |  2.9
Shields        | 3 |  3.5
Fighting       | 4 |  4.0
Armour         | |  2.6

Action                     |  1- 3 |  4- 6 || total
---------------------------+-------+-------++-------
  Melee: War axe           |    74 |    13 ||    87
    Use: Potion            |     2 |       ||     2
 Armour: Scale mail        |    65 |    10 ||    75
         Skin              |    12 |       ||    12
  Dodge: Dodged            |    46 |     9 ||    55
  Block: Buckler           |    19 |     4 ||    23

Illustrated notes

Table legend:
 A = Kills in this place as a percentage of kills in the entire game.
 B = Kills by you in this place as a percentage of kills by you in the entire game.
 C = Kills by friends in this place as a percentage of kills by friends in the entire game.
 D = Other kills in this place as a percentage of other kills in the entire game.
 E = Experience gained in this place as a percentage of experience gained in the entire game.
 F = Experience gained in this place divided by the number of levels of this place that you have seen.
                   A       B       C       D       E      F
               +-------+-------+-------+-------+-------+----------------------
         Total | 100.0 | 100.0 |   N/A |   N/A | 100.0 |  40.2
       Dungeon | 100.0 | 100.0 |   N/A |   N/A | 100.0 |  40.2
               +-------+-------+-------+-------+-------+----------------------

Table legend: (Time is in decaauts)
 A = Elapsed time spent in this place.
 B = Non-inter-level travel time spent in this place.
 C = Inter-level travel time spent in this place.
 D = Time resting spent in this place.
 E = Time spent auto-exploring this place.
 F = Levels seen in this place.
 G = Mean time per level.
                   A        B        C        D        E       F      G
               +--------+--------+--------+--------+--------+-----+--------+
         Total |   1037 |   1006 |     31 |      0 |    772 |   4 |  259.2 |
       Dungeon |   1037 |   1006 |     31 |      0 |    772 |   4 |  259.2 |
               +--------+--------+--------+--------+--------+-----+--------+

Top non-repeatable levels by time:
     D:1: 750 daAuts
     D:2: 252 daAuts
     D:4: 24 daAuts
     D:3: 10 daAuts
